MLB
SAN DIEGO PADRES @ CHICAGO WHITE SOX
05/30/2098
 
TOP OF THE 1ST
San Diego Padres batting - Pitching for Chicago White Sox : RHP Jeremy Merenda
Pitching: RHP Jeremy Merenda
Batting: LHB R.J. Correll 0-0: Called Strike
0-1: SINGLE (Line Drive, 6MD, EV 109.4 MPH)
Batting: RHB Jose Barillas 0-0: Ball
1-0: Foul Ball, location: 2RF
1-1: Ball
2-1: Foul Ball, location: 9LMF
2-2: Foul Ball, location: 9LDF
2-2: Strikes out looking
Batting: RHB Tony Merkin 0-0: Ball
1-0: Fly out, F8 (Flyball, 8RS, EV 84.4 MPH)
Batting: RHB Tony Woody 0-0: Called Strike
0-1: Ball
1-1: Ball
2-1: Foul Ball, location: 2F
2-2: Fly out, F9 (Flyball, 89M, EV 92.5 MPH)
Top of the 1st over - 0 runs, 1 hit, 0 errors, 1 left on base; San Diego 0 - Chicago 0
BOTTOM OF THE 1ST
Chicago White Sox batting - Pitching for San Diego Padres : RHP Jose Benitez
Pitching: RHP Jose Benitez
Batting: RHB Greg Bates 0-0: Called Strike
0-1: Ball
1-1: Ball
2-1: Called Strike
2-2: Strikes out looking
Batting: RHB Travis De Angelis 0-0: Fly out, F8 (Flyball, 8LM, EV 90.6 MPH)
Batting: LHB Dan Roos 0-0: Foul Ball, location: 2F
0-1: Fly out, F8 (Line Drive, 8LD, EV 83.1 MPH)
Bottom of the 1st over - 0 runs, 0 hits, 0 errors, 0 left on base; San Diego 0 - Chicago 0
TOP OF THE 2ND
San Diego Padres batting - Pitching for Chicago White Sox : RHP Jeremy Merenda
Batting: LHB Bryan McLaughlin 0-0: Ball
1-0: Swinging Strike
1-1: Ground out 3-1 (Groundball, 34S, EV 83.8 MPH)
Batting: RHB Chris Santos 0-0: Called Strike
0-1: Ball
1-1: Swinging Strike
1-2: Ball
2-2: Foul Ball, location: 23F
2-2: Foul Ball, location: 2F
2-2: Strikes out looking
Batting: LHB Jamie Wortman 0-0: Ground out 4-3 (Groundball, 4MS, EV 78.8 MPH)
Top of the 2nd over - 0 runs, 0 hits, 0 errors, 0 left on base; San Diego 0 - Chicago 0
BOTTOM OF THE 2ND
Chicago White Sox batting - Pitching for San Diego Padres : RHP Jose Benitez
Batting: LHB Tim Eaton 0-0: Foul Ball, location: 23FF
0-1: Ball
1-1: Called Strike
1-2: Ball
2-2: Ball
3-2: Foul Ball, location: 2F
3-2: Strikes out looking
Batting: RHB Luis Marquina 0-0: Foul Ball, location: 2F
0-1: Ball
1-1: Foul Ball, location: 2F
1-2: Foul Ball, location: 2F
1-2: Strikes out swinging
Batting: RHB Joey Aimone 0-0: Ball
1-0: Ball
2-0: Foul Ball, location: 9LDF
2-1: Called Strike
2-2: Ball
3-2: Strikes out swinging
Bottom of the 2nd over - 0 runs, 0 hits, 0 errors, 0 left on base; San Diego 0 - Chicago 0
TOP OF THE 3RD
San Diego Padres batting - Pitching for Chicago White Sox : RHP Jeremy Merenda
Batting: LHB Eric Schoonover 0-0: Ground out 4-3 (Groundball, 4S, EV 85.6 MPH)
Batting: RHB Alfredo Beltran 0-0: Ball
1-0: Ball
2-0: Foul Ball, location: 5SF
2-1: Ball
3-1: Fly out, F9 (Flyball, 9D, EV 88.8 MPH)
Batting: LHB R.J. Correll 0-0: Ground out 4-3 (Groundball, 4, EV 86.9 MPH)
Top of the 3rd over - 0 runs, 0 hits, 0 errors, 0 left on base; San Diego 0 - Chicago 0
BOTTOM OF THE 3RD
Chicago White Sox batting - Pitching for San Diego Padres : RHP Jose Benitez
Batting: RHB Cory Gilmore 0-0: Ball
1-0: Called Strike
1-1: Called Strike
1-2: Strikes out looking
Batting: RHB Chris Hodges 0-0: Called Strike
0-1: Ball
1-1: Fly out, F7 (Flyball, 78M, EV 85.0 MPH)
Batting: RHB Vinny Figueroa 0-0: Foul Ball, location: 9LSF
0-1: Ball
1-1: Foul Ball, location: 2F
1-2: Foul Ball, location: 7LDF
1-2: Strikes out swinging
Bottom of the 3rd over - 0 runs, 0 hits, 0 errors, 0 left on base; San Diego 0 - Chicago 0
TOP OF THE 4TH
San Diego Padres batting - Pitching for Chicago White Sox : RHP Jeremy Merenda
Batting: RHB Jose Barillas 0-0: Called Strike
0-1: Foul Ball, location: 9LSF
0-2: Ball
1-2: Ball
2-2: Foul Ball, location: 2F
2-2: Strikes out swinging
Batting: RHB Tony Merkin 0-0: Ball
1-0: Foul Ball, location: 2F
1-1: Swinging Strike
1-2: Foul Ball, location: 2F
1-2: Ball
2-2: Ball
SINGLE, rundown, safe at 1st
Batting: RHB Tony Woody 0-0: Called Strike
0-1: Called Strike
0-2: Strikes out looking
Batting: LHB Bryan McLaughlin 0-0: Called Strike
0-1: Fly out, F2 (Popup, 2LF, EV 96.9 MPH)
Top of the 4th over - 0 runs, 1 hit, 0 errors, 1 left on base; San Diego 0 - Chicago 0
BOTTOM OF THE 4TH
Chicago White Sox batting - Pitching for San Diego Padres : RHP Jose Benitez
Pitching: RHP Assunção Frutuoso
Batting: RHB Greg Bates 0-0: Ground out 5-3 (Groundball, 56, EV 90.6 MPH)
Batting: RHB Travis De Angelis 0-0: Ground out 6-3 (Groundball, 6, EV 84.4 MPH)
Batting: LHB Dan Roos 0-0: Swinging Strike
0-1: Foul Ball, location: 2F
0-2: Ball
1-2: Ball
2-2: Foul Ball, location: 3F
2-2: Ball
3-2: SINGLE (Line Drive, 9S, EV 98.1 MPH)
Batting: LHB Tim Eaton 0-0: Ball
1-0: Called Strike
1-1: Ball
2-1: Ball
3-1: Foul Ball, location: 2F
3-2: Foul Ball, location: 3F
3-2: SINGLE (Groundball, 34D, EV 95.6 MPH)
Dan Roos to second
Dan Roos to third
Batting: RHB Luis Marquina 0-0: Ball
1-0: Ball
2-0: Ball
3-0: Called Strike
3-1: Foul Ball, location: 25F
3-2: Base on Balls
Tim Eaton to second
Batting: RHB Joey Aimone 0-0: DOUBLE (Line Drive, 8RXD, EV 109.4 MPH)
Dan Roos scores
Tim Eaton scores
Luis Marquina to third
Runner from 3rd tries for Home, SAFE, no throw by CF
Pitching: RHP Jamal Grasty
Batting: RHB Cory Gilmore 0-0: Ground out 1-3 (Groundball, 15S, EV 66.9 MPH)
Bottom of the 4th over - 3 runs, 3 hits, 0 errors, 1 left on base; San Diego 0 - Chicago 3
TOP OF THE 5TH
San Diego Padres batting - Pitching for Chicago White Sox : RHP Jeremy Merenda
Batting: RHB Chris Santos 0-0: Foul Ball, location: 3FF
0-1: Swinging Strike
0-2: Foul Ball, location: 25F
0-2: Ball
1-2: Ball
2-2: SINGLE (Line Drive, 89M, EV 93.1 MPH)
Batting: LHB Jamie Wortman 0-0: Ball
1-0: Called Strike
1-1: Called Strike
1-2: Strikes out looking
Batting: LHB Eric Schoonover 0-0: Foul Ball, location: 5DF
0-1: Foul Ball, location: 5DF
0-2: Foul Ball, location: 2RF
0-2: Strikes out swinging
Batting: RHB Alfredo Beltran 0-0: Ball
1-0: Fly out, F9 (Flyball, 9, EV 87.5 MPH)
Top of the 5th over - 0 runs, 1 hit, 0 errors, 1 left on base; San Diego 0 - Chicago 3
BOTTOM OF THE 5TH
Chicago White Sox batting - Pitching for San Diego Padres : RHP Jamal Grasty
Batting: RHB Chris Hodges 0-0: Called Strike
0-1: Ball
1-1: Ball
2-1: SINGLE (Groundball, 34D, EV 100.0 MPH)
Batting: RHB Vinny Figueroa 0-0: Foul Ball, location: 3SF
0-1: Ball
1-1: Ball
2-1: Grounds into double play, 6-4-3 (Groundball, 6MD, EV 95.0 MPH)
Batting: RHB Greg Bates 0-0: Ground out 5-3 (Groundball, 56, EV 111.3 MPH)
Bottom of the 5th over - 0 runs, 1 hit, 0 errors, 0 left on base; San Diego 0 - Chicago 3
TOP OF THE 6TH
San Diego Padres batting - Pitching for Chicago White Sox : RHP Jeremy Merenda
Pitching: RHP Ricky Maldonado
Batting: LHB R.J. Correll 0-0: Ball
1-0: Ball
2-0: Swinging Strike
2-1: Foul Ball, location: 23F
2-2: Foul Ball, location: 2F
2-2: Fly out, F8 (Flyball, 89M, EV 93.8 MPH)
Batting: RHB Jose Barillas 0-0: Fly out, F9 (Flyball, 9D, EV 110.0 MPH)
Batting: RHB Tony Merkin 0-0: Foul Ball, location: 5F
0-1: Swinging Strike
0-2: Foul Ball, location: 5F
0-2: Ball
1-2: Foul Ball, location: 9LDF
1-2: Ball
2-2: Strikes out swinging
Top of the 6th over - 0 runs, 0 hits, 0 errors, 0 left on base; San Diego 0 - Chicago 3
BOTTOM OF THE 6TH
Chicago White Sox batting - Pitching for San Diego Padres : RHP Jamal Grasty
Batting: RHB Travis De Angelis 0-0: Ball
1-0: Foul Ball, location: 9LMF
1-1: Ball
2-1: Ball
3-1: Foul Ball, location: 25F
3-2: Reached via error on a dropped throw from 1B, E1 (Groundball, 34, EV 86.3 MPH)
Batting: LHB Dan Roos 0-0: Called Strike
0-1: Ball
1-1: Fly out, F9 (Flyball, 9, EV 95.0 MPH)
Batting: LHB Tim Eaton 0-0: Ball
1-0: Foul Ball, location: 2F
1-1: Ball
2-1: Foul Ball, location: 5F
2-2: Ball
3-2: Grounds into double play, 3-6-3 (Groundball, 23, EV 82.5 MPH)
Bottom of the 6th over - 0 runs, 0 hits, 1 error, 0 left on base; San Diego 0 - Chicago 3
TOP OF THE 7TH
San Diego Padres batting - Pitching for Chicago White Sox : RHP Ricky Maldonado
Batting: RHB Tony Woody 0-0: Swinging Strike
0-1: Ball
1-1: Foul Ball, location: 5F
1-2: Ball
2-2: Ball
3-2: Strikes out looking
Pitching: LHP Jeffrey Baker
Batting: LHB Bryan McLaughlin 0-0: Ball
1-0: Ground out 1-4-3 (Groundball, 15S, EV 103.8 MPH)
Batting: RHB Chris Santos 0-0: Ball
1-0: SOLO HOME RUN (Line Drive, 78XD, EV 106.9 MPH), Distance : 398 ft
Batting: LHB Jamie Wortman 0-0: Ball
1-0: Called Strike
1-1: DOUBLE (Line Drive, 89D, EV 110.6 MPH)
Batting: LHB Eric Schoonover 0-0: Called Strike
0-1: Ground out U3 (Groundball, 23, EV 86.3 MPH)
Top of the 7th over - 1 run, 2 hits, 0 errors, 1 left on base; San Diego 1 - Chicago 3
BOTTOM OF THE 7TH
Chicago White Sox batting - Pitching for San Diego Padres : RHP Jamal Grasty
Pitching: LHP Seth Oltmans
Batting: RHB Luis Marquina 0-0: Ball
1-0: Foul Ball, location: 9LMF
1-1: Called Strike
1-2: Foul Ball, location: 9LDF
1-2: Ball
2-2: Foul Ball, location: 2F
2-2: Ball
3-2: Fly out, F8 (Flyball, 8LXD, EV 103.8 MPH)
Batting: RHB Joey Aimone 0-0: Foul Ball, location: 25FF
0-1: SINGLE (Flyball, 3D, EV 84.4 MPH)
Batting: RHB Cory Gilmore 0-0: Ball
1-0: Called Strike
1-1: Fly out, F8 (Flyball, 8LD, EV 106.9 MPH)
Batting: RHB Chris Hodges 0-0: Called Strike
0-1: Swinging Strike
0-2: Strikes out looking
Bottom of the 7th over - 0 runs, 1 hit, 0 errors, 1 left on base; San Diego 1 - Chicago 3
TOP OF THE 8TH
San Diego Padres batting - Pitching for Chicago White Sox : LHP Jeffrey Baker
Pitching: RHP Matthew Emerson
Batting: RHB Alfredo Beltran 0-0: Ball
1-0: Foul Ball, location: 5DF
1-1: Ball
2-1: SINGLE (Line Drive, 5D, EV 99.4 MPH)
Batting: LHB R.J. Correll 0-0: Ball
1-0: Ball
2-0: Called Strike
2-1: Foul Ball, location: 3F
2-2: 2-RUN HOME RUN (Flyball, 7D, EV 95.6 MPH), Distance : 369 ft
Batting: RHB Jose Barillas 0-0: Called Strike
0-1: Ball
1-1: Ball
2-1: Ball
3-1: Foul Ball, location: 2F
3-2: Base on Balls
Batting: RHB Tony Merkin 0-0: Ball
1-0: Fly out, F3 (Popup, 23F, EV 89.4 MPH)
Batting: RHB Tony Woody 0-0: Called Strike
0-1: Ball
1-1: Foul Ball, location: 2F
1-2: Ball
2-2: Strikes out swinging
Batting: LHB Bryan McLaughlin 0-0: Called Strike
0-1: Swinging Strike
0-2: Ball
Jose Barillas steals 2nd base
1-2: Ball
2-2: Ball
3-2: Fly out, F6 (Popup, 6D, EV 65.6 MPH)
Top of the 8th over - 2 runs, 2 hits, 0 errors, 1 left on base; San Diego 3 - Chicago 3
BOTTOM OF THE 8TH
Chicago White Sox batting - Pitching for San Diego Padres : LHP Seth Oltmans
Batting: RHB Vinny Figueroa 0-0: Ball
1-0: Ball
2-0: Called Strike
2-1: Ball
3-1: Base on Balls
Batting: RHB Greg Bates 0-0: Called Strike
0-1: Foul Ball, location: 9LSF
0-2: Ball
Wild Pitch!
Vinny Figueroa to second
1-2: SINGLE (Flyball, 56D, EV 88.1 MPH)
Vinny Figueroa to third
Batting: RHB Travis De Angelis 0-0: Called Strike
0-1: Ball
1-1: Ball
2-1: Foul Ball, location: 3SF
2-2: Foul Ball, location: 9LSF
2-2: Ball
3-2: Foul Ball, location: 5FF
3-2: Foul Ball, location: 2F
3-2: Foul Ball, location: 2LF
3-2: Ground out 5-3 (Groundball, 56S, EV 86.3 MPH)
Greg Bates to second
Pitching: RHP Dan Ketterer
Batting: LHB Dan Roos 0-0: Called Strike
0-1: Ball
1-1: Called Strike
1-2: Foul Ball, location: 9LDF
1-2: Foul Ball, location: 9LSF
1-2: Foul Ball, location: 2F
1-2: Foul Ball, location: 2F
1-2: Foul Ball, location: 25F
1-2: Ball
2-2: Strikes out swinging
Batting: LHB Tim Eaton 0-0: 3-RUN HOME RUN (Flyball, 78XD, EV 99.4 MPH), Distance : 419 ft
Batting: RHB Luis Marquina 0-0: Ball
1-0: Called Strike
1-1: Swinging Strike
1-2: Strikes out swinging
Bottom of the 8th over - 3 runs, 2 hits, 0 errors, 0 left on base; San Diego 3 - Chicago 6
TOP OF THE 9TH
San Diego Padres batting - Pitching for Chicago White Sox : RHP Matthew Emerson
Pitching: RHP Keith Dragisic
Batting: RHB Chris Santos 0-0: Fly out, F8 (Flyball, 8LM, EV 78.1 MPH)
Batting: LHB Jamie Wortman 0-0: Called Strike
0-1: Foul Ball, location: 7LMF
0-2: Ball
1-2: Ball
2-2: Foul Ball, location: 2F
2-2: Ball
3-2: Strikes out swinging
Batting: LHB Eric Schoonover 0-0: Called Strike
0-1: Foul Ball, location: 25F
0-2: Ball
1-2: Strikes out swinging
Top of the 9th over - 0 runs, 0 hits, 0 errors, 0 left on base; San Diego 3 - Chicago 6
Thursday, April 4th , 2024 - OOTP Baseball 24.11 Build 85